AoeStats
← Elmo

Oasis

508299330Analyzed
3v3 RM · 10d ago on Sep 21, 2026· 34m 51s· 6 players
Game mode
Random Map
Map size
Normal (6 player)
Population
200
Speed
Normal
Resources
Standard
Victory
Conquest
Starting age
Dark Age
Ending age
Imperial Age
RankedLock teamsTeams togetherTeam positionsShared explorationLock speedFull tech treeHidden civsTurbo modeCheats
Victory
Defeat
🇺🇸 Maya · United States
1361
+12
🇫🇷 Spanish · France
1317
+14
🇮🇪 Persians · Ireland
1291
+15
🇬🇧 Saracens · United Kingdom
1316
-16
🇬🇧 Magyars · United Kingdom
1255
-13
🇬🇧 Vietnamese · United Kingdom
1238
-12
Elmo
8:02 Loom
12:10 Feudal Age
16:03 Castle Age
15:33 Bloodlines
15:35 Double-Bit Axe
15:36 Horse Collar
16:23 Scale Barding Armor
24:43 Wheelbarrow
24:53 Bow Saw
26:23 Fletching
26:59 Bodkin Arrow
28:06 Town Watch
28:31 Padded Archer Armor
30:04 Leather Archer Armor
31:49 Hand Cart
32:18 Ballistics
Mojojojo
7:10 Loom
10:32 Feudal Age
11:11 Horse Collar
11:17 Double-Bit Axe
15:25 Wheelbarrow
14:44 Fletching
14:54 Padded Archer Armor
21:38 Castle Age
21:38 Crossbowman
22:15 Bodkin Arrow
24:32 Bow Saw
24:23 Heavy Plow
24:14 Gold Mining
24:15 Stone Mining
26:56 Hand Cart
27:56 Stone Shaft Mining
33:37 Leather Archer Armor
nickface
3:08 Loom
13:25 Feudal Age
19:16 Gold Mining
19:08 Horse Collar
19:18 Double-Bit Axe
24:56 Stone Mining
27:37 Castle Age
29:41 Elite Skirmisher
cjds
0:30 Loom
9:49 Feudal Age
10:15 Double-Bit Axe
12:58 Horse Collar
15:47 Fletching
18:44 Gold Mining
19:59 Wheelbarrow
19:26 Stone Mining
19:49 Padded Archer Armor
23:00 Castle Age
22:41 Scale Mail Armor
22:51 Forging
23:23 Crossbowman
23:59 Bodkin Arrow
25:53 Bow Saw
27:49 Thumb Ring
28:01 Leather Archer Armor
30:09 Hand Cart
32:59 Ballistics
37:11 Imperial Age
37:33 Imperial Age
Langley^
6:32 Loom
8:58 Feudal Age
14:09 Scale Barding Armor
15:30 Forging
18:03 Wheelbarrow
21:36 Castle Age
22:48 Chain Barding Armor
25:07 Double-Bit Axe
25:45 Bloodlines
30:15 Husbandry
Fantome69
10:18 Feudal Age
8:34 Loom
15:50 Castle Age
14:15 Double-Bit Axe
17:33 Gold Mining
18:35 Horse Collar
21:39 Padded Archer Armor
23:14 Bloodlines
24:43 Fletching
28:59 Husbandry
32:07 Wheelbarrow
31:57 Leather Archer Armor
Connection lost

Rejoining the realm…

Still unreachable

The connection could not be restored.

Session expired

The server has moved on; the page needs a fresh start.